 Dungeon Crawl Stone Soup version 0.27.0-1-g7a089689b8 (webtiles) character file.

Game seed: 17003108290182481623

29 stebl the Insei (level 3, -8/24 HPs)
             Began as an Octopode Transmuter on Aug 10, 2021.
             Mangled by Sigmund (14 damage)
             ... on level 2 of the Dungeon.
             The game lasted 00:07:13 (1571 turns).

stebl the Insei (Octopode Transmuter)               Turns: 1571, Time: 00:07:14

Health: -8/24      AC:  1    Str:  9    XL:     3   Next: 16%
Magic:  6/6        EV: 17    Int: 15    God:
Gold:   43         SH:  0    Dex: 13    Spells: 0/6 levels left

rFire    . . .     SeeInvis .     - Unarmed
rCold    . . .     Faith    .   (no shield)
rNeg     . . .     Spirit   .   (helmet restricted)
rPois    .         Reflect  .   (no amulet)
rElec    .         Harm     .   g - +4 ring of evasion
rCorr    .         Rampage  .   (no ring)
Will     .....                  (no ring)
Stlth    ++........             (no ring)
HPRegen  0.08/turn              (no ring)
MPRegen  0.10/turn              (no ring)
                                (no ring)
                                (no ring)

@: confused
A: almost no armour, amphibious, 8 rings, camouflage 1, gelatinous body 1,
(nimble swimmer 1), tentacles
a: no special abilities


You were on level 2 of the Dungeon.
You visited 1 branch of the dungeon, and saw 2 of its levels.

You collected 43 gold pieces.

Inventory:

Missiles
 i - 19 stones (quivered)
Jewellery
 g - a +4 ring of evasion (left tentacle)
Scrolls
 b - a scroll of enchant weapon
 c - a scroll of enchant armour {unknown}
 e - a scroll of magic mapping {unknown}
 f - a scroll of fog {unknown}
 h - a scroll of vulnerability {unknown}
Potions
 a - a potion of haste {unknown}


   Skills:
 - Level 2.0 Fighting
 - Level 2.0 Dodging
 - Level 3.7 Unarmed Combat
 - Level 2.0 Spellcasting
 + Level 2.0 Transmutations
 + Level 0.1 Poison Magic


You couldn't memorise any spells.
You knew the following spells:

 Your Spells              Type           Power      Damage    Failure   Level
a - Beastly Appendage     Tmut           14%        N/A       10%         1
b - Wereblood             Tmut           7%         N/A       14%         2
c - Spider Form           Tmut/Pois      2%         N/A       38%         3

Your spell library contained the following spells:

 Spells                   Type           Power      Damage    Failure   Level
 Ice Form                 Ice/Tmut       4%         N/A       82%         4


Dungeon Overview and Level Annotations

Branches:
Dungeon (2/15)

Altars:

Shops:
D:2 [

Annotations:
D:2 Robin, Sigmund


Innate Abilities, Weirdness & Mutations

You cannot wear most types of armour.
You are amphibious.
You can wear up to eight rings at the same time.
Your skin changes colour to match your surroundings (Stealth+).
Your rubbery body absorbs attacks. (AC +1, EV +1)
((You are camouflaged near water. (Stealth+)))
You have tentacles for arms and can constrict up to eight enemies at once.


Message History

Okay, then.
Your tentacle spike disappears.
Found a club.
As you open the door, it creaks loudly!
There is an open door here.
There is an open door here.
Sigmund the Dreaded comes into view.
He is wielding a +0 scythe.
Sigmund shouts!
Sigmund hits you from afar with a +0 scythe!
As you read the scroll labelled VISAMP OCOROYSH, it crumbles to dust.
It is a scroll of enchant weapon.
You aren't carrying any weapons that can be enchanted.
Sigmund closely misses you.
As you read the scroll labelled CIACSO ISMIHEACAET, it crumbles to dust.
Your body is wracked with pain!
Sigmund convulses!
It was a scroll of torment.
Sigmund misses you. Sigmund casts a spell at you.
You resist with significant effort.
There is an open door here.
You close the door.
Sigmund opens the door.
Sigmund casts a spell at you.
You are confused.
There is an open door here.
Sigmund gestures at you while chanting. The magic dart hits you.
* * * LOW HITPOINT WARNING * * *
There is an open door, spattered with blood here.
Sigmund casts a spell.
Sigmund flickers and vanishes!
Deactivating autopickup; reactivate with Ctrl-A.
You feel less confused.
You are confused.
You bump into the rock wall.
You are more confused.
You bump into the rock wall.
You bump into the rock wall.
Something hits you!
Ouch! That really hurt!
You die...

#..#.#.......# #
#..#.#.......# #
#....#.......# #
#.#..######'## #
###.#..# #.##
#..∩...######.##.#
#.#.#...g..)..#...
#.#.#..###########
####@..#.>...........
#...##.#.##########♣.
#...##.#.# ♣.
#...##.#.. ♣.
#...##'### ####♣.
#........# #...♣.
#........# #...♣.
###......# #.....
#......# #.....


There were no monsters in sight!

Vanquished Creatures
  A worm (D:2)
  4 ball pythons (D:1)
  5 bats
  3 endoplasms
  A giant cockroach (D:1)
  3 goblins
  2 hobgoblins (D:1)
  2 quokkas
  A frilled lizard (D:1)
  A kobold (D:1)
  A rat (D:2)
24 creatures vanquished.

Vanquished Creatures (others)
  2 plants (D:2)
  4 toadstools (D:1)
6 creatures vanquished.

Grand Total: 30 creatures vanquished

Notes
Turn   | Place    | Note
-------+----------+-------------------------------------------
     0 | D:1      | stebl the Octopode Transmuter began the quest for the Orb.
     0 | D:1      | Reached XP level 1. HP: 13/13 MP: 3/3
   384 | D:1      | Reached XP level 2. HP: 18/18 MP: 3/5
   392 | D:1      | Learned a level 2 spell: Wereblood
  1090 | D:2      | Found Weopsem's Armour Shop.
  1132 | D:2      | Noticed Robin
  1429 | D:2      | Reached XP level 3. HP: 24/24 MP: 4/6
  1436 | D:2      | Learned a level 3 spell: Spider Form
  1535 | D:2      | Noticed Sigmund
  1571 | D:2      | Mangled by Sigmund

Illustrated notes

Levels and vault maps discovered:
D:1:      ldierk_water_garden, layout_basic, serial_glass, glass_columns_a,
          glass_columns_b, glass_columns_a, glass_columns_a,
          minmay_misc_feat_room, nrook_mini_backslash, serial_bayou_pond_d
D:2:      layout_basic, serial_shops, nicolae_shop_crystal, serial_forest,
          infiniplex_forest_straight_2, infiniplex_forest_end_double,
          infiniplex_forest_straight_3, infiniplex_forest_lined_3,
          infiniplex_forest_clump_double, infiniplex_forest_clump_small,
          infiniplex_forest_straight_3, infiniplex_forest_end_1,
          minmay_misc_feat_ornament, uniq_crazy_yiuf_cottage, uniq_terence,
          uniq_sigmund, uniq_robin

Skill      XL: |  1  2 |
---------------+-------+-----
Fighting       | 2 |  2.0
Dodging        | |  2.0
Unarmed Combat | |  3.7
Spellcasting   | |  2.0
Transmutations | |  2.0
Poison Magic   | |  0.1

Action                   || total
-------------------------++-------
Melee: Unarmed           ||    49
       Constrict         ||    15
       Tentacles         ||     7
       Kick              ||     7
Throw: Stone             ||     2
 Cast: Beastly Appendage ||    19
  Use: Scroll            ||     2
 Stab: Sleeping          ||     4
Armor: Skin              ||     3
Dodge: Dodged            ||    31
